 Dungeon Crawl Stone Soup version 0.27-a0-1065-ge809cff456 (webtiles) character file.

Game seed: 10983008960649817404

25 rageheart7 the Skirmisher (level 3, -1/36 HPs)
             Began as an Ogre Arcane Marksman on Apr 23, 2021.
             Slain by Terence
             ... wielding a +2 vorpal flail
              (2 damage)
             ... on level 2 of the Dungeon.
             The game lasted 00:02:30 (1815 turns).

rageheart7 the Skirmisher (Ogre Arcane Marksman)    Turns: 1815, Time: 00:02:31

Health: -1/36      AC:  3    Str: 15    XL:     3   Next: 4%
Magic:  5/5        EV:  9    Int: 14    God:
Gold:   66         SH:  0    Dex:  9    Spells: 4/5 levels left

rFire    . . .     SeeInvis .   f - +0 whip
rCold    + . .     Faith    .   (no shield)
rNeg     . . .     Spirit   .   a - +0 robe
rPois    .         Reflect  .   (helmet restricted)
rElec    .         Harm     .   (no cloak)
rCorr    .         Rampage  .   (gloves unavailable)
Will     .....                  (boots unavailable)
Stlth    +.........             (no amulet)
HPRegen  0.12/turn              e - ring of protection from cold
MPRegen  0.09/turn              (no ring)

@: no status effects
A: large, unfitting armour, tough skin 1
a: no special abilities


You were on level 2 of the Dungeon.
You visited 1 branch of the dungeon, and saw 2 of its levels.

You collected 66 gold pieces.

Inventory:

Hand Weapons
 f - a +0 whip (weapon)
Missiles
 c - 3 large rocks (quivered)
 d - 4 throwing nets
Armour
 a - a +0 robe (worn)
Jewellery
 e - a ring of protection from cold (left hand)
Scrolls
 h - a scroll of fear {unknown}
Potions
 b - a potion of ambrosia {unknown}
 g - a potion of brilliance {unknown}


   Skills:
 * Level 2.7 Fighting
 * Level 2.6 Throwing
 - Level 1.7 Dodging
 - Level 1.5 Spellcasting
 - Level 2.6 Hexes


You had 4 spell levels left.
You knew the following spells:

 Your Spells              Type           Power      Damage    Failure   Level
a - Corona                Hex            8%         N/A       9%          1

Your spell library contained the following spells:

 Spells                   Type           Power      Damage    Failure   Level
 Slow                     Hex            8%         N/A       12%         2
 Ensorcelled Hibernation  Hex/Ice        8%         N/A       22%         2
 Confusing Touch          Hex            8%         N/A       24%         3
 Tukima's Dance           Hex            8%         N/A       24%         3
 Magic Dart               Conj           4%         1d3       26%         1
 Blink                    Tloc           N/A        N/A       36%         2
 Call Imp                 Summ           1%         N/A       36%         2
 Dazzling Flash           Conj/Hex       8%         N/A       41%         3
 Inner Flame              Hex/Fire       4%         N/A       41%         3
 Portal Projectile        Hex/Tloc       8%         N/A       41%         3
 Conjure Flame            Conj/Fire      1%         6-21      58%         3
 Mephitic Cloud           Conj/Pois/Air  1%         N/A       58%         3
 Cause Fear               Hex            4%         N/A       63%         4
 Leda's Liquefaction      Hex/Erth       2%         N/A       82%         4


Dungeon Overview and Level Annotations

Branches:
Dungeon (2/15)

Altars:

Annotations:
D:2 Terence


Innate Abilities, Weirdness & Mutations

You are too large for most types of armour.
You have tough skin. (AC +1)


Message History

Found a viscous dark potion.
Terence closely misses you.
Found a robe.
You hit Terence.
Terence is lightly wounded.
Terence hits you with a +2 vorpal flail!
You closely miss Terence.
Terence is lightly wounded.
Terence says, "Rest in peace."
Terence hits you with a +2 vorpal flail!
You are too injured to fight recklessly!
You are too injured to fight recklessly!
You are too injured to fight recklessly!
You are too injured to fight recklessly!
You are too injured to fight recklessly!
You are too injured to fight recklessly!
You are too injured to fight recklessly!
You are too injured to fight recklessly!
You are too injured to fight recklessly!
You are too injured to fight recklessly!
You are too injured to fight recklessly!
You are too injured to fight recklessly!
You are too injured to fight recklessly!
You are too injured to fight recklessly!
You are too injured to fight recklessly!
You are too injured to fight recklessly!
You are too injured to fight recklessly!
You are too injured to fight recklessly!
You are too injured to fight recklessly!
You are too injured to fight recklessly!
You are too injured to fight recklessly!
You hit Terence.
Terence is moderately wounded.
Terence hits you with a +2 vorpal flail!
* * * LOW HITPOINT WARNING * * *
x2 You hit Terence but do no damage.
Terence is moderately wounded.
Terence hits you with a +2 vorpal flail.
* * * LOW HITPOINT WARNING * * *
You die...

..#.##.##...# .........
..#.##.##...##...#..#.##
........#...##...#......
........................
#..###.###...#..........
#.. #..# #...#..>.......
#.. #..# #...##..#...#
#.. #..# #...........#
#.. #..# #...##.@#....
#.. #............@......
#............#....!.
...................
.................#.
........###.#..[...
...##.... ......... ###.
#.#...###


You could see Terence.

Vanquished Creatures
  2 ball pythons (D:1)
  3 endoplasms (D:1)
  A giant cockroach (D:1)
  A hobgoblin (D:1)
  3 kobolds (D:1)
  3 quokkas (D:1)
  2 bats (D:1)
  2 frilled lizards (D:1)
  3 goblins (D:1)
  A rat (D:1)
21 creatures vanquished.

Notes
Turn   | Place    | Note
-------+----------+-------------------------------------------
     0 | D:1      | rageheart7 the Ogre Arcane Marksman began the quest for the
                  | Orb.
     0 | D:1      | Reached XP level 1. HP: 19/19 MP: 2/2
   335 | D:1      | Reached XP level 2. HP: 14/28 MP: 4/4
   499 | D:1      | Found a faded altar of an unknown god.
  1420 | D:1      | Reached XP level 3. HP: 36/36 MP: 5/5
  1808 | D:2      | Noticed Terence
  1815 | D:2      | HP: 1/36 [Terence/+2 vorpal flail (5)]
  1815 | D:2      | Slain by Terence

Illustrated notes

Levels and vault maps discovered:
D:1:      dpeg_arrival_tiny_e, layout_loops_ring,
          ebering_ecumenical_altar_petrified
D:2:      layout_basic, uniq_terence, uniq_crazy_yiuf_cottage

Skill      XL: |  1 |
---------------+----+-----
Fighting       | 2 |  2.7
Throwing       | |  2.6
Dodging        | |  1.7
Spellcasting   | |  1.5
Hexes          | |  2.6

Action                   || total
-------------------------++-------
Melee: Unarmed           ||    48
       Whip              ||    81
       Dagger            ||     6
Throw: Large rock        ||     5
Armor: Robe              ||    50
Dodge: Dodged            ||    76

Table legend: (Time is in decaauts)
 A = Elapsed time spent in this place.
 B = Non-inter-level travel time spent in this place.
 C = Inter-level travel time spent in this place.
 D = Time resting spent in this place.
 E = Time spent auto-exploring this place.
 F = Levels seen in this place.
 G = Mean time per level.
                   A        B        C        D        E       F      G
               +--------+--------+--------+--------+--------+-----+--------+
         Total |   1825 |   1811 |     14 |      0 |   1563 |   2 |  912.5 |
       Dungeon |   1825 |   1811 |     14 |      0 |   1563 |   2 |  912.5 |
               +--------+--------+--------+--------+--------+-----+--------+

Top non-repeatable levels by time:
     D:1: 1746 daAuts
     D:2: 79 daAuts
